Unix NetHack Version 3.7.0-97 Work-in-progress - last build Feb 8 2024 15:05:57 (6d6cdf8371b60126770a3d7b88910941cb14a054,branch:master). Game began 2024-02-11 17:42:24, ended 2024-02-12 15:24:43. nurdglaw, chaotic female human Rogue -------------------- |.....|...|......@.| |.....|.-.|00-:..0.| |.....|.00|.0.0.|..| |..<..|.-.|..-G.|.-| |.....|.......--...| |.....|-...-.0.|...| |.....|--...|.0|...| |+-----------..|..-| |.^%^^^^..........%| ------------->.|...| -------- Nurdglaw the Rogue St:13 Dx:18 Co:14 In:16 Wi:8 Ch:8 Chaotic S:2783 Dlvl:3 $:191 HP:0(40) Pw:18(18) AC:10 Xp:6/578 T:4821 Latest messages: This jaguar corpse is fatty. You stop eating the jaguar corpse. What do you want to write with? [- a-cmuvyMOSY or ?*] - You write in the dust with your fingertip. What do you want to write in the dust here? Elbereth The centipede turns to flee. b - an uncursed +0 dagger (at the ready) (11 in total). The kitten eats a partly eaten jaguar corpse. You strike the centipede from behind! You hit the centipede. You strike the centipede from behind! You strike the centipede from behind! You kill the centipede! You stop. Your kitten is in the way! b - an uncursed +0 dagger (at the ready) (12 in total). You climb up the stairs. With great effort you move the boulder. You see here an egg. With great effort you move the boulder. The boulder falls into and plugs a hole in the floor! The dust vortex engulfs you! You can't see in here! In what direction? l You throw 3 daggers. The 1st dagger hits the dust vortex. The 2nd dagger hits the dust vortex. The 3rd dagger hits the dust vortex. In what direction? l You throw 3 daggers. The 1st dagger hits the dust vortex. The 2nd dagger hits the dust vortex. You destroy the dust vortex! b - 5 uncursed +0 daggers (at the ready) (12 in total). b - an uncursed +0 dagger (at the ready) (12 in total). You try to feel what is lying here on the floor. You feel here an egg. A gnomish wizard suddenly appears close by! You can see again. With great effort you move the boulder. You hear a nearby zap. The bolt of fire hits you! The bolt of fire bounces! The gnomish wizard zaps a hexagonal wand! The bolt of fire hits you! You die... Do you want your possessions identified? [ynq] (y) y Do you want to see your attributes? [ynq] (y) y Do you want an account of creatures vanquished? [ynaq] (y) y Do you want to see your conduct and achievements? [ynq] (y) y Do you want to see the dungeon overview? [ynq] (y) y Inventory: Coins $ - 191 gold pieces Weapons v - 20 uncursed +0 darts M - 8 uncursed +0 shuriken y - a blessed +0 dagger (weapon in right hand) b - 12 uncursed +0 daggers (at the ready) m - a cursed +0 orcish dagger named **** CURSED **** a - an uncursed +0 short sword named tlpthy (alternate weapon; not wielded) Armor e - a blessed +0 pair of gauntlets of power r - a blessed +1 elven mithril-coat Comestibles N - 2 uncursed food rations Z - an uncursed food ration V - an uncursed lembas wafer P - 2 uncursed tripe rations Scrolls R - a blessed scroll of earth Q - an uncursed scroll of earth Potions U - an uncursed potion of enlightenment Rings O - a cursed ring of aggravate monster c - an uncursed ring of shock resistance Wands Y - an uncursed wand of create monster (0:14) u - an uncursed wand of lightning (0:3) S - an uncursed wand of slow monster (0:4) Tools h - an uncursed sack containing 3 items k - an uncursed lock pick z - an uncursed magic whistle Contents of the sack: 3 blessed potions of healing an uncursed citrine stone an uncursed worthless piece of green glass Nurdglaw the Rogue's attributes: Background: You were a Rogue, level 6 female human. You were chaotic, on a mission for Kos who was opposed by Issek (lawful) and Mog (neutral). You were right-handed. You were in Sokoban, on level 3. You entered the dungeon 4821 turns ago. You had 578 experience points, 62 more were needed to attain level 7. Your score was 2783 before end-of-game adjustments. Basics: You had 0 out of 40 hit points. You had all 18 energy points (spell power). Your armor class was 10. Your wallet contained 191 zorkmids. Autopickup was on for '$' plus thrown. Final Characteristics: Your strength was 13 (limit:18/100). Your dexterity was 18 (limit:18). Your constitution was 14 (limit:18). Your intelligence was 16 (limit:18). Your wisdom was 8 (limit:18). Your charisma was 8 (limit:18). Final Status: You weren't hungry. You were unencumbered. You were wielding a dagger. You were skilled in dagger. You weren't wearing any armor. Final Attributes: You were piously aligned. You were telepathic. You were stealthy. You are dead. Miscellaneous: You never encountered a bones level. Total elapsed playing time was 2 hours, 17 minutes and 23 seconds. Major events: Turn 1: nurdglaw the chaotic female human Rogue entered the dungeon 887: attained the rank of Cutpurse (level 3) 1170: entered the Gnomish Mines 3326: attained the rank of Rogue (level 6) 3357: entered Sokoban 3708: completed 1st Sokoban level 4247: completed 2nd Sokoban level 4821: killed by a bolt of fire zapped by a gnomish wizard Vanquished creatures: a gnome ruler a jaguar a dust vortex a snake a rope golem 2 soldier ants an imp 2 rock moles a yellow light a gnome leader a gnomish wizard a golden naga hatchling a gray ooze a paper golem 2 giant ants a little dog 4 floating eyes a kitten a dwarf a kobold shaman 2 rothes a centipede a giant bat a monkey an iguana 2 coyotes 2 hobbits a large kobold 2 hobgoblins a giant rat a cave spider a yellow mold a red mold a garter snake 5 geckos 15 jackals a fox 3 goblins 6 grid bugs 3 lichens 2 kobold zombies 7 newts 86 creatures vanquished. No species were genocided or became extinct. Voluntary challenges: You read items or engraved 14 times. You engraved Elbereth 9 times. You never genocided any monsters. You never polymorphed an object. You never changed form. You used no wishes. You did not violate any of the special Sokoban rules. Achievements: You attained the rank of Cutpurse. You entered the Gnomish Mines. You entered a shop. You attained the rank of Rogue. You entered Sokoban. The Dungeons of Doom: levels 1 to 6 Level 1: "vault 752" Level 2: "bars" Stairs down to The Gnomish Mines. Level 3: A grave. Level 4: A fountain, a grave. Level 5: "Delphi" Level 6: An altar. Stairs up to Sokoban, level 5. The Gnomish Mines: Level 3: Sokoban: levels 5 up to 3 Level 3: <- You were here. Unsolved. Final resting place for you, killed by a bolt of fire zapped by a gnomish wizard. Level 4: Solved. Level 5: Solved. Game over: ---------- / \ / REST \ / IN \ / PEACE \ / \ | nurdglaw | | 191 Au | | killed by a bolt | | of fire zapped | | by a gnomish | | wizard | | 2024 | *| * * * | * _________)/\\_//(\/(/\)/\//\/|_)_______ Goodbye nurdglaw the Rogue... You died in Sokoban on dungeon level 3 with 2764 points, and 191 pieces of gold, after 4821 moves. You were level 6 with a maximum of 40 hit points when you died.